 Dungeon Crawl Stone Soup version 0.17-a0-1636-g3119f2b (webtiles) character file.

491 urechis the Cudgeler (level 7, 0/45 HPs)
             Began as a Gargoyle Fighter on Aug 6, 2015.
             Slain by an ogre
             ... wielding a +0 giant club
              (23 damage)
             ... on level 4 of the Dungeon.
             The game lasted 00:03:56 (2645 turns).

urechis the Cudgeler (Gargoyle Fighter)             Turns: 2645, Time: 00:03:56

Health: 0/45       AC:  8    Str: 22    XL:     7   Next: 14%
Magic:  7/7        EV: 12    Int:  8    God:
Gold:   128        SH:  9    Dex:  9    Spells: 0 memorised, 6 levels left

rFire  . . .     SeeInvis .     a - +0 flail
rCold  . . .     Clarity  .     m - +0 leather armour
rNeg   + . .     SustAt   .     c - +0 shield
rPois  ∞         Gourm    .     (no helmet)
rElec  +         Spirit   .     (no cloak)
rCorr  .         Warding  .     (no gloves)
rMut   .         Stasis   .     (no boots)
MR     .....                    (no amulet)
Stlth  +.........               n - +4 ring of evasion
                                i - +3 ring of slaying

@: not resistant to hostile enchantments, very unstealthy
A: negative energy resistance 1, electricity resistance, unbreathing,
petrification resistance, rot immunity, AC +4
a: no special abilities


You were on level 4 of the Dungeon.
You were not hungry.

You visited 1 branch of the dungeon, and saw 4 of its levels.

You collected 128 gold pieces.

Inventory:

Hand weapons
 a - a +0 flail (weapon)
Armour
 c - a +0 shield (worn)
 m - a +0 leather armour (worn)
Jewellery
 i - a +3 ring of slaying (left hand)
 n - a +4 ring of evasion (right hand)
Scrolls
 h - a scroll of enchant armour
 l - 2 scrolls of amnesia
Potions
 b - a potion of cure mutation {unknown}
 d - a potion of might
 g - 4 potions of curing
 j - 3 potions of cancellation {unknown}
 p - a potion of haste {unknown}
Books
 q - a book of the Dragon

   Spells                             Type                      Level
   a - Flame Tongue                   Conjuration/Fire             1
   b - Cause Fear                     Hexes                        4
   c - Bolt of Fire                   Conjuration/Fire             6
   d - Dragon Form                    Transmutation                7
   e - Dragon's Call                  Summoning                    9
Comestibles
 e - 4 bread rations
 f - a chunk of flesh


   Skills:
 + Level 5.9 Fighting
 * Level 6.0 Maces & Flails
 - Level 3.2 Armour
 - Level 3.2 Shields


You had 6 spell levels left.
You didn't know any spells.

Dungeon Overview and Level Annotations

Branches:
Dungeon (4/15)
 Temple: D:4-7

Altars:
Cheibriados
Nemelex Xobeh
Ru


Innate Abilities, Weirdness & Mutations

You are resistant to torment.
Your stone body is resilient (AC +4).
You are immune to poison.
You resist negative energy.
You are resistant to electric shocks.
You can survive without breathing.
You are immune to petrification.
You are immune to rotting.


Message History

No target in view!
No target in view!
No target in view!
You see here an adder corpse.
You butcher the adder corpse.
f - 2 chunks of flesh Eat one of 2 chunks of flesh? (ye/n/q/i?) This raw flesh tastes terrible.
You continue eating. x2
You see here 32 bolts.
An ogre comes into view. It is wielding a giant club.
The ogre shouts!
An ogre is nearby!
An ogre is nearby!
You barely miss the ogre. The ogre hits you with a giant club!!
You sock the ogre!
The ogre is severely wounded.
The ogre hits you with a giant club!!
Ouch! That really hurt!
You die...

.#................
.#...#####...........#
.#...# #...........#
##..## ##...........#
##..# #............#
.#..## ##...........#
.....###...###......##
..........## #.......##.
.........## ##..@O......
........#####...###.....
.####....##....## #.. .#
##.......### .#
#......## . #....###
#....# ##.... #.....


You could see an ogre.

Vanquished Creatures
  A phantom (D:4)
  2 ogres (D:4)
  A crimson imp (D:4)
  Ijyb (D:2)
  An orc wizard (D:4)
  A worker ant (D:4)
  3 gnolls (D:3)
  4 adders
  2 worms (D:2)
  3 giant geckos
  4 orcs
  7 bats
  3 giant cockroaches
  5 hobgoblins
  4 ball pythons
  3 giant newts
  10 goblins
  6 kobolds
  A quokka (D:2)
  6 rats
68 creatures vanquished.

Notes
Turn   | Place    | Note
--------------------------------------------------------------
     0 | D:1      | urechis the Gargoyle Fighter began the quest for the Orb.
     0 | D:1      | Reached XP level 1. HP: 14/14 MP: 1/1
    79 | D:1      | Reached XP level 2. HP: 16/19 MP: 2/2
   325 | D:1      | Reached XP level 3. HP: 22/24 MP: 3/3
   670 | D:2      | Noticed Ijyb
   684 | D:2      | Killed Ijyb
   684 | D:2      | Reached skill level 4 in Fighting
   684 | D:2      | Reached XP level 4. HP: 27/29 MP: 4/4
   936 | D:2      | Found a snail-covered altar of Cheibriados.
  1052 | D:2      | Found a sacrificial altar of Ru.
  1479 | D:3      | You fall through a shaft!
  1503 | D:4      | Reached XP level 5. HP: 30/34 MP: 5/5
  1518 | D:4      | Noticed an ogre
  1531 | D:4      | Killed an ogre
  1531 | D:4      | Reached skill level 5 in Fighting
  1566 | D:4      | Reached XP level 6. HP: 13/40 MP: 6/6
  1826 | D:3      | Reached skill level 5 in Maces & Flails
  1856 | D:3      | Found a sparkling altar of Nemelex Xobeh.
  2087 | D:3      | Found a faded altar to an unknown god.
  2218 | D:4      | Noticed an ogre
  2226 | D:4      | HP: 2/40 [ogre/giant spiked club (20)]
  2233 | D:4      | Killed an ogre
  2484 | D:4      | Found a sparkling altar of Nemelex Xobeh.
  2560 | D:4      | Reached XP level 7. HP: 34/45 MP: 7/7
  2609 | D:4      | Reached skill level 6 in Maces & Flails
  2640 | D:4      | Noticed an ogre
  2645 | D:4      | Slain by an ogre

Vault maps used:
D:1:      minmay_arrival_shoal_huts, kennysheep_doodads
D:2:      lemuel_doored_altar, nicolae_ru_sacrificial_ziggurat, uniq_iyjb
D:3:      lemuel_round_altar, ecumenical_altar_1, first_bread
D:4:      corexii_hall_statues_l, minmay_stone_trees_small,
          nemelex_lonely_heart_becter

Action                   |  1- 3 |  4- 6 |  7- 9 || total
-------------------------+-------+-------+-------++-------
Melee: Flail             |   111 |   142 |     4 ||   257
  Use: Scroll            |       |     5 |       ||     5
  Eat: Chunk             |       |     5 |     1 ||     6
